 Dungeon Crawl Stone Soup version 0.25-a0-308-geac79542e2 (webtiles) character file.

Game seed: 11993130559084068588, levelgen mode: deterministic

21 Kinoniko the Ducker (level 2, 0/33 HPs)
             Began as a Demonspawn Gladiator on Dec 22, 2019.
             Succumbed to an adder's poison
             ... on level 2 of the Dungeon.
             The game lasted 00:04:25 (917 turns).

Kinoniko the Ducker (Demonspawn Gladiator)           Turns: 917, Time: 00:04:26

Health: 0/33       AC: 21    Str: 19    XL:     2   Next: 62%
Magic:  2/2        EV:  2    Int:  7    God:
Gold:   44         SH:  0    Dex: 14    Spells: 1/1 levels left

rFire    . . .     SeeInvis .   a - +0 long sword
rCold    . . .     Gourm    .   (no shield)
rNeg     + + +     Faith    .   (armour currently unavailable)
rPois    +         Spirit   .   (helmet currently unavailable)
rElec    .         Reflect  .   (cloak currently unavailable)
rCorr    .         Harm     .   (gloves currently unavailable)
MR       .....     NoTele   +   (boots currently unavailable)
Stlth    +.........             (no amulet)
HPRegen  0.11/turn              h - -2 ring of intelligence (curse)
MPRegen  0.08/turn              (no ring)

@: mighty, lethally poisoned (0 -> -7), tree-form
A: high mp 1, mutation resistance 1
a: no special abilities


You were on level 2 of the Dungeon.
You were not hungry.
You were a tree.
You visited 1 branch of the dungeon, and saw 2 of its levels.

You collected 44 gold pieces.

Inventory:

Hand Weapons
 a - a +0 long sword (weapon)
Missiles
 d - 3 throwing nets (quivered)
Armour
 b - a +0 leather armour (melded)
 c - a +0 helmet (melded)
 i - a +0 cloak (melded)
Jewellery
 h - a cursed -2 ring of intelligence (left branch)
Scrolls
 k - a scroll of fog {unknown}
Potions
 j - a potion of mutation
Comestibles
 f - a ration
 g - 3 chunks of flesh


   Skills:
 + Level 2.0 Fighting
 + Level 2.9 Long Blades
 + Level 2.1 Throwing
 + Level 0.4 Armour
 + Level 3.0 Dodging


You had one spell level left.
You didn't know any spells.
Your spell library was empty.

Dungeon Overview and Level Annotations

Branches:
Dungeon (2/15)

Altars:


Innate Abilities, Weirdness & Mutations

((You have sharp toenails.))
You have an increased reservoir of magic. (+10% MP)
You are somewhat resistant to further mutation.


Message History

The adder closely misses you. The adder bites you.
* * * LOW HITPOINT WARNING * * *
You are more poisoned.
The adder poisons you!
Okay, then.
It was a potion of mutation.
You feel extremely strange.
You feel more energetic.
You feel genetically stable.
* * * LOW HITPOINT WARNING * * *
You feel sick. The adder bites you.
* * * LOW HITPOINT WARNING * * *
The adder barely misses you. The adder closely misses you.
You riposte.
You miss the adder. Your kick misses the adder.
The adder is almost dead.
It was a potion of lignification.
You turn into a tree.
Your +0 cloak melds into your body.
Your +0 helmet melds into your body.
Your +0 leather armour melds into your body.
Your roots penetrate the ground.
* * * LOW HITPOINT WARNING * * *
You feel sick.
The adder bites you but does no damage. x2
You die...

#.#...#...
.........#
.......... .
.........#
#.#
.........##..
#<........
##....S..#
......%♣.#
#.......S#
...[.......
.#.......##.#
##......# ..
###.^..# .#
#....# #
#.....


You could see 2 adders.

Vanquished Creatures
  2 dart slugs (D:1)
  3 bats (D:1)
  2 giant cockroaches (D:1)
  A goblin (D:1)
  A hobgoblin (D:1)
  4 frilled lizards (D:1)
  A kobold (D:1)
  4 rats (D:1)
18 creatures vanquished.

Notes
Turn   | Place    | Note
-------+----------+-------------------------------------------
     0 | D:1      | Kinoniko the Demonspawn Gladiator began the quest for the
                  | Orb.
     0 | D:1      | Reached XP level 1. HP: 16/16 MP: 1/1
   137 | D:1      | Gained mutation: You have sharp toenails. [demonic
                  | ancestry]
   137 | D:1      | Reached XP level 2. HP: 20/22 MP: 2/2
   186 | D:1      | Reached skill level 3 in Dodging
   915 | D:2      | Gained mutation: You have an increased reservoir of magic.
                  | (+10% MP) [potion of mutation]
   915 | D:2      | Gained mutation: You are somewhat resistant to further
                  | mutation. [potion of mutation]
   915 | D:2      | HP: 1/22 [adder (1)]
   917 | D:2      | Succumbed to an adder's poison

Levels and vault maps discovered:
D:1:      lightli_arrival_windingriver, layout_basic
D:2:      layout_rooms, minmay_diced_spiral

Skill      XL: |  1  2 |
---------------+-------+-----
Throwing       | 2 |  2.1
Dodging        | 3 |  3.0
Fighting       | |  2.0
Long Blades    | |  2.9
Armour         | |  0.4

Action                   || total
-------------------------++-------
Melee: Long sword        ||    34
       Kick              ||     2
  Use: Potion            ||     3
Armor: Leather armour    ||     8
       Skin              ||     2
Dodge: Dodged            ||    29
       Rpst.: Long sword ||     8

Table legend:
 A = Non-vault XP
 B = Vault XP
 C = Vault XP percentage of total XP
 D = Non-vault monster count
 E = Vault monster count
 F = Vault count percentage of total count
                 A         B        C        D         E       F
            +---------+---------+-------+---------+---------+-------
      Total |      30 |       0 |   0.0 |      18 |       0 |   0.0
            +---------+---------+-------+---------+---------+-------
        D:1 |      30 |       0 |   0.0 |      18 |       0 |   0.0
            +---------+---------+-------+---------+---------+-------
